 Dungeon Crawl Stone Soup version 0.18-a0-1561-g7b1e397 (webtiles) character file.

653 bjoernd53 the Cruncher (level 7, -1/40 HPs)
             Began as a Gargoyle Gladiator on Mar 13, 2016.
             Slain by a gnoll
             ... wielding a +2 halberd of chopping
              (8 damage)
             ... on level 4 of the Dungeon.
             The game lasted 00:11:14 (3979 turns).

bjoernd53 the Cruncher (Gargoyle Gladiator)         Turns: 3979, Time: 00:11:14

Health: -1/40      AC: 14    Str: 20    XL:     7   Next: 54%
Magic:  7/7        EV:  8    Int:  9    God:
Gold:   216        SH:  0    Dex: 10    Spells: 0 memorised, 6 levels left

rFire  . . .     SeeInvis .     a - +1 quarterstaff
rCold  . . .     Gourm    .     v - +0 chain mail
rNeg   + . .     Faith    .     (shield currently unavailable)
rPois  ∞         Spirit   .     c - +0 helmet
rElec  +         Dismiss  .     (no cloak)
rCorr  .         Reflect  .     (no gloves)
SustAt .         Harm     .     h - +0 pair of boots
MR     .....                    (no amulet)
Stlth  ..........               (no ring)
                                (no ring)

@: not resistant to hostile enchantments, extremely unstealthy
A: negative energy resistance 1, electricity resistance, unbreathing,
petrification resistance, rot immunity, AC +4
a: no special abilities


You were on level 4 of the Dungeon.
You were not hungry.

You visited 1 branch of the dungeon, and saw 4 of its levels.

You collected 216 gold pieces.

Inventory:

Hand Weapons
 a - a +1 quarterstaff (weapon)
Missiles
 g - 61 stones (quivered)
 p - 37 sling bullets
 q - 51 arrows
Armour
 c - a +0 helmet (worn)
 h - a +0 pair of boots (worn)
 v - a +0 chain mail (worn)
Jewellery
 i - a +3 ring of protection {unknown}
 y - a cursed ring of loudness {unknown}
Wands
 m - a wand of polymorph (14/24)
 u - a wand of polymorph (22/24)
 w - a wand of polymorph (16/24)
 z - a wand of paralysis (20/24)
Scrolls
 e - 3 scrolls of remove curse
 l - a scroll of recharging
Potions
 b - 2 potions of cure mutation
 k - a potion of curing {unknown}
 n - a potion of heal wounds {unknown}
 o - a potion of ambrosia {unknown}
 r - a potion of cancellation {unknown}
 A - a potion of brilliance {unknown}
 B - a potion of berserk rage {unknown}
Books
 x - a book of the Tempests

   Spells                             Type                      Level
   a - Static Discharge               Conjuration/Air              3
   b - Lightning Bolt                 Conjuration/Air              5
   c - Fireball                       Conjuration/Fire             5
   d - Tornado                        Air                          9
   e - Shatter                        Earth                        9
Comestibles
 d - a slice of pizza
 f - 3 bread rations
 j - 2 beef jerkies
 s - a royal jelly
 t - 2 meat rations


   Skills:
 - Level 2.1 Fighting
 + Level 8.6 Staves
 - Level 1.7 Throwing
 - Level 2.4 Dodging


You had 6 spell levels left.
You didn't know any spells.

Dungeon Overview and Level Annotations

Branches:
Dungeon (4/15)
 Temple: D:4-7

Altars:
Cheibriados
Sif Muna


Innate Abilities, Weirdness & Mutations

You are resistant to torment.
Your stone body is resilient (AC +4).
You are immune to poison.
You resist negative energy.
You are resistant to electric shocks.
You can survive without breathing.
You are immune to petrification.
You are immune to rotting.


Message History

The gnoll hits you with a halberd of chopping!
You thump the gnoll!
The gnoll is almost dead.
The gnoll hits you with a spear.
* * * LOW HITPOINT WARNING * * *
You closely miss the gnoll.
The gnoll is almost dead.
The gnoll hits you with a halberd of chopping.
* * * LOW HITPOINT WARNING * * *
x2 The gnoll closely misses you.
You sock the gnoll!
You kill the gnoll!
The gnoll hits you with a halberd of chopping.
* * * LOW HITPOINT WARNING * * *
x2 You are too injured to fight recklessly!
You closely miss the gnoll. You barely miss the gnoll.
The gnoll hits you but does no damage.
You barely miss the gnoll.
The gnoll hits you with a halberd of chopping!
You die...

##.## #. #.# #. #.# #. #####
#.# ###. #...# #.#######...
###...### #.......#...
#.......#### ###..####.#...
#..........#####....####.#..#
#.......#...@)........##.#..#
###...###...[g...##.#.##.#..#
.#
#...###...................#
.#
##.###..........###.##.#..#
.# ##.#
#.....[.........#.#..# #.
#..# #........#.###..))...#
.. #.## #........#>#
#.#####.# .# #†# #.#.####.#.#
#.# #>[ )# #.# #.#.#
#.#.###.# #..


You could see a gnoll.

Vanquished Creatures
  An ogre (D:4)
  The ghost of Pereza0 the Slasher, an amateur HEWr of Yredelemnul (D:3)
  A scorpion (D:4)
  A centaur zombie (D:3)
  An orc wizard (D:3)
  An orc priest (D:3)
  A centaur skeleton (D:4)
  Jessica (D:2)
  A gnoll shaman (D:4)
  2 worker ants (D:4)
  Robin (D:2)
  2 gnolls (D:4)
  3 adders
  An ooze (D:4)
  3 worms
  2 dart slugs
  3 giant geckos
  16 orcs
  A ball python (D:3)
  3 giant cockroaches
  22 goblins
  15 hobgoblins
  8 jackals
  8 kobolds
  A quokka (D:3)
  10 bats
  A giant newt (D:1)
  38 rats
149 creatures vanquished.

Notes
Turn   | Place    | Note
--------------------------------------------------------------
     0 | D:1      | bjoernd53 the Gargoyle Gladiator began the quest for the Orb.
     0 | D:1      | Reached XP level 1. HP: 12/12 MP: 1/1
   346 | D:1      | Reached XP level 2. HP: 15/17 MP: 2/2
   958 | D:1      | Reached skill level 4 in Staves
  1016 | D:2      | Reached XP level 3. HP: 21/21 MP: 3/3
  1074 | D:2      | Noticed Robin
  1116 | D:2      | Killed Robin
  1206 | D:2      | Reached XP level 4. HP: 26/26 MP: 4/4
  1373 | D:2      | Found a snail-covered altar of Cheibriados.
  1555 | D:2      | Noticed Jessica
  1560 | D:2      | Killed Jessica
  1560 | D:2      | Reached skill level 5 in Staves
  1848 | D:3      | Reached XP level 5. HP: 30/30 MP: 5/5
  1866 | D:3      | Noticed Pereza0's ghost (amateur HEWr)
  1898 | D:3      | Killed Pereza0's ghost
  1898 | D:3      | Reached skill level 6 in Staves
  2217 | D:3      | Reached XP level 6. HP: 31/35 MP: 6/6
  2541 | D:3      | Reached skill level 7 in Staves
  2998 | D:4      | Reached XP level 7. HP: 33/40 MP: 7/7
  3163 | D:4      | Found a deep blue altar of Sif Muna.
  3484 | D:4      | Reached skill level 8 in Staves
  3979 | D:4      | Slain by a gnoll

Vault maps used:
D:1:      dpeg_arrival_lava_temple_mockup
D:2:      cheibriados_altar_1, uniq_robin, uniq_jessica
D:3:      first_bread, minmay_rats_cheesy_pizza
D:4:      lemuel_doored_altar, minmay_temple_entry_statues_pillars

Skill      XL: |  1  2  3  4  5  6  7 |
---------------+----------------------+-----
Staves         | 4 5 6 7 8 |  8.6
Fighting       | |  2.1
Throwing       | |  1.7
Dodging        | |  2.4

Action                   |  1- 3 |  4- 6 |  7- 9 || total
-------------------------+-------+-------+-------++-------
Melee: Quarterstaff      |    87 |   285 |    69 ||   441
Evoke: Wand              |       |       |     2 ||     2
  Use: Scroll            |     3 |     5 |       ||     8
  Eat: Chunk             |     1 |     6 |     1 ||     8
       Bread ration      |       |       |     1 ||     1
